 Dungeon Crawl Stone Soup version 0.26.1-11-gd32895ea62 (webtiles) character file.

Game seed: 13315199656474561742

106 Descartes the Insei (level 4, 0/21 HPs)
             Began as a Vine Stalker Transmuter on June 19, 2021.
             Killed by divine providence
             ... invoked by an orc priest
              (10 damage)
             ... on level 3 of the Dungeon.
             The game lasted 00:04:24 (2054 turns).

Descartes the Insei (Vine Stalker Transmuter)       Turns: 2054, Time: 00:04:25

Health: 0/21       AC: 10    Str: 13    XL:     4   Next: 84%
Magic:  0/8        EV:  6    Int: 14    God:
Gold:   97         SH:  0    Dex: 14    Spells: 6/7 levels left

rFire    . . .     SeeInvis .     - Unarmed
rCold    . . .     Faith    .   (no shield)
rNeg     . . .     Spirit   +   b - +0 chain mail
rPois    .         Reflect  .   (no helmet)
rElec    .         Harm     .   j - +0 cloak {rCorr}
rCorr    +         Rampage  .   (no gloves)
Will     .....                  g - +0 pair of boots
Stlth    ..........             (no amulet)
HPRegen  0.47/turn              (no ring)
MPRegen  0.11/turn              (no ring)

@: no status effects
A: fangs 2, regeneration 1, magic shield, antimagic bite, no potion heal 3
a: no special abilities


You were on level 3 of the Dungeon.
You visited 1 branch of the dungeon, and saw 3 of its levels.

You collected 97 gold pieces.

Inventory:

Missiles
 c - 3 boomerangs
 d - 55 stones
 n - 13 arrows
Armour
 a - a +0 robe
 b - a +0 chain mail (worn)
 g - a +0 pair of boots (worn)
 j - a +0 cloak of preservation (worn)
Scrolls
 e - 4 scrolls of teleportation
 i - 2 scrolls of noise
 l - 2 scrolls of enchant armour
 m - a scroll of fear
 q - a scroll of blinking
Potions
 f - 2 potions of heal wounds {unknown}
 k - a potion of mutation {unknown}
 o - a potion of resistance {unknown}
 p - a potion of curing {unknown}


   Skills:
 - Level 0.8 Fighting
 + Level 2.6 Dodging
 + Level 3.9 Unarmed Combat
 - Level 2.1 Spellcasting
 + Level 3.2 Transmutations


You had 6 spell levels left.
You knew the following spells:

 Your Spells              Type           Power        Failure   Level
a - Beastly Appendage     Tmut           20%          93%         1

Your spell library contained the following spells:

 Spells                   Type           Power        Failure   Level
 Wereblood                Tmut           10%          98%         2
 Spider Form              Tmut/Pois      3%           100%        3
 Ice Form                 Ice/Tmut       6%           100%        4
 Blade Hands              Tmut           5%           100%        5


Dungeon Overview and Level Annotations

Branches:
Dungeon (3/15)

Altars:
Trog


Innate Abilities, Weirdness & Mutations

You have extremely sharp teeth.
Your natural rate of healing is unusually fast.
When hurt, damage is shared between your health and your magic reserves.
Your bite disrupts and absorbs the magic of your enemies.
Potions cannot restore your health.


Message History

Things that are here:
a +0 club; a hobgoblin corpse You hit the orc priest.
You bite the orc priest. You drain its power.
The orc priest is heavily wounded.
The orc priest invokes the aid of Beogh against you.
Beogh smites you!
Ouch! That really hurt!
An orc comes into view. It is wielding a +0 hand axe.
A hobgoblin comes into view. It is wielding a +0 club.
The hobgoblin shouts!
The orc shouts!
You barely miss the orc priest. Your bite misses the orc priest.
The orc priest is heavily wounded.
The orc priest hits you but does no damage.
You hit the orc priest. Your bite misses the orc priest.
The orc priest is severely wounded.
A goblin comes into view. It is wielding a +0 dagger.
An orc comes into view. It is wielding a +0 hand axe.
The orc priest invokes the aid of Beogh against you.
Beogh smites you!
You die...

.. ## .. ...... .# #.##..#
# .# #.##..# )# P
##.####.##..# #g##o.
............#######...g..
..#####.#............o...
..#####.#..)...)@o.o..#
..).....#...)##'#..#'##
..###.....(..#.(#..# ..#
#....(...#..#..#
..###.......†####..#######
....'...............§.....
#####....#................
#........#############
#####....#


You could see an orc priest, an orc wizard, 2 orcs, a hobgoblin and a goblin
(wandering).

Vanquished Creatures
  An orc priest (D:3)
  An adder (D:2)
  A dart slug (D:1)
  3 orcs (D:3)
  8 bats
  A giant cockroach (D:2)
  11 goblins
  11 hobgoblins
  2 jackals (D:1)
  6 kobolds
  2 quokkas (D:2)
  4 frilled lizards
  7 rats
58 creatures vanquished.

Vanquished Creatures (others)
  5 plants (D:3)
5 creatures vanquished.

Grand Total: 63 creatures vanquished

Notes
Turn   | Place    | Note
-------+----------+-------------------------------------------
     0 | D:1      | Descartes the Vine Stalker Transmuter began the quest for
                  | the Orb.
     0 | D:1      | Reached XP level 1. HP: 9/9 MP: 4/4
   201 | D:1      | Reached XP level 2. HP: 10/14 MP: 3/6
   837 | D:1      | Reached XP level 3. HP: 17/17 MP: 7/7
  1628 | D:2      | Gained mutation: Your natural rate of healing is unusually
                  | fast. [Vine Stalker growth]
  1628 | D:2      | Reached XP level 4. HP: 21/21 MP: 8/8
  1695 | D:2      | Found a bloodstained altar of Trog.
  2054 | D:3      | Killed from afar by an orc priest

Illustrated notes

Levels and vault maps discovered:
D:1:      dpeg_chamrin_arrival_tetris, layout_basic
D:2:      layout_basic, bloody_trog
D:3:      corexii_shack_village, layout_basic, portal_sewer_entry_b,
          gammafunk_ghost_nasty_kobolds, uniq_ijyb, uniq_terence, uniq_robin

Skill      XL: |  1  2  3  4 |
---------------+-------------+-----
Dodging        | 2 |  2.6
Transmutations | 3 |  3.2
Fighting       | |  0.8
Unarmed Combat | |  3.9
Spellcasting   | |  2.1

Action                   |  1- 3 |  4- 6 || total
-------------------------+-------+-------++-------
Melee: Unarmed           |   119 |    50 ||   169
       Bite              |    21 |     9 ||    30
       Punch             |     2 |     1 ||     3
  Use: Scroll            |       |     7 ||     7
Armor: Chain mail        |    77 |    22 ||    99
Dodge: Dodged            |    45 |    16 ||    61
